 Dungeon Sprint DCSS version 0.30.0-29-ga12c61a403 (webtiles) character file.

Game seed: 15203594900806162202

29 McKennaii the Trooper (level 6, -8/53 HPs)
             Began as a Demonspawn Fighter on June 13, 2023.
             Was a Priest of Qazlal.
             Mangled by a merfolk
             ... wielding a +0 trident
              (13 damage)
             ... in the Dungeon (Sprint VI: "Thunderdome").
             The game lasted 00:03:11 (315 turns).

McKennaii the Trooper (Demonspawn Fighter)           Turns: 315, Time: 00:03:11

Health: -8/53      AC:  7    Str: 17    XL:     6   Next: 3%
Magic:  11/11      EV:  9    Int: 15    God:    Qazlal [***...]
Gold:   115        SH:  9    Dex: 12    Spells: 11/11 levels left

rFire   . . .        a - +0 trident
rCold   + + .        c - +0 buckler
rNeg    + . .        b - +0 scale mail
rPois   +            (no helmet)
rElec   .            (no cloak)
rCorr   +            (no gloves)
SInv    .            (no boots)
Will    .....        q - amulet of Ariutamu {Faith Rampage} Stlth
                     o - ring "Ychoequu" {rCorr Int+2}
HPRegen 0.28/turn    p - ring of Buetelud {rPois rC++ rN+}
MPRegen 0.12/turn

%: no teleportation, rampage, faith
@: mesmerised
A: ignite blood 1, big brain 1
a: Renounce Religion, Upheaval, Elemental Force


You were in the Dungeon.
You worshipped Qazlal.
Qazlal was most pleased with you.
You visited 1 branch You collected 250 gold pieces.
You spent 135 gold pieces at shops.

Inventory:

Hand Weapons
 a - a +0 trident (weapon)
Armour
 b - a +0 scale mail (worn)
 c - a +0 buckler (worn)
Jewellery
 o - the ring "Ychoequu" (left hand) {rCorr Int+2}
   (You bought it in a shop in the Dungeon)

   [ring of resist corrosion]

   Int:       It affects your intelligence (+2).
   rCorr:     It protects you from acid and corrosion.
 p - the ring of Buetelud (right hand) {rPois rC++ rN+}
   (You bought it in a shop in the Dungeon)

   [ring of poison resistance]

   rC:        It greatly protects you from cold.
   rPois:     It protects you from poison.
   rN:        It protects you from negative energy.
 q - the amulet of Ariutamu (around neck) {Faith Rampage}
   (You bought it in a shop in the Dungeon)

   [amulet of faith]

   It allows you to gain divine favour quickly.
   Rampage:   It bestows one free step when moving towards enemies.
Wands
 k - a wand of acid (4)
 l - a wand of roots (4)
Scrolls
 j - 4 scrolls of blinking
 m - 3 scrolls of fog
Potions
 d - a potion of might
 e - a potion of curing
 f - 4 potions of heal wounds
 g - 4 potions of haste
 h - 2 potions of magic
 i - a potion of berserk rage
 n - a potion of resistance


   Skills:
 + Level 6.9 Fighting
 + Level 6.2 Polearms
 + Level 6.5 Armour
 - Level 0.4 Stealth
 - Level 4.5 Shields
 + Level 3.4 Spellcasting


You had 11 spell levels left.
You didn't know any spells.
Your spell library was empty.

Dungeon Overview and Level Annotations

Branches:
Dungeon (1/1)

Altars:
Cheibriados
Dithmenos
Fedhas
Gozag
Kikubaaqudgha
Makhleb
Okawaru
Qazlal
Ru
Sif Muna
Trog
Uskayaw
Vehumet
Wu Jian
Xom
Yredelemnul
Lugonu

Shops:
D *[??*?*:[((!!!!


Innate Abilities, Weirdness & Mutations

Your demonic aura sometimes causes spilled blood to erupt in flames.
You have an unusually large brain. (Int +2)


Message History

The grasping roots constrict the merfolk.
The merfolk struggles to escape constriction.
The grasping roots constrict the merfolk!
The roots release their grip on the merfolk.
Aiming: Corrosive Bolt
Press: ? - help, Shift-Dir - straight line, f - merfolk
Aim: a merfolk, wielding a +0 trident and quivering boomerangs (lightly wounded, 64% to hit)
The bolt of acid hits the merfolk!
The merfolk is moderately wounded.
Unknown command.
The merfolk throws a boomerang.
The boomerang hits you but does no damage.
You rampage towards the merfolk!
The merfolk hits you from afar with a +0 trident!!
* * * LOW HITPOINT WARNING * * *
You rampage towards the merfolk!
You hit the merfolk but do no damage.
The merfolk is moderately wounded.
You block the merfolk's attack.
You barely miss the merfolk.
The merfolk is moderately wounded.
You block the merfolk's attack.
A merfolk siren comes into view. It is wielding a +0 spear.
You barely miss the merfolk.
The merfolk is moderately wounded.
The merfolk siren shouts!
The merfolk barely misses you.
The merfolk siren chants a haunting song.
You are mesmerised by the merfolk siren!
Unknown command.
You closely miss the merfolk.
The merfolk is moderately wounded.
The merfolk hits you with a +0 trident!
* * * LOW HITPOINT WARNING * * *
The merfolk siren chants its luring song.
Unknown command.
Unknown command.
You puncture the merfolk!
The merfolk is heavily wounded.
The merfolk hits you with a +0 trident!
You die...

##∩.....∩## #∩.......∩#
#_........# #_......._#
#_......._#
###........)###
#⌠...........⌠#
###.8.........8.######
........###....○@m__∩##
......8.# #.8..☼.....∩###
........###.............#
.....###...###..........⌠
.....# #.<.# #..........⌠
.....###...###..........⌠
........###.............#
......8.# #.8m.......∩##
__.....)###......___∩##


You could see a merfolk and a merfolk siren (mesmerising).

Vanquished Creatures
  A centaur (D)
  A phantom (D)
  A necrophage (D)
  A wight (D)
  2 worms (D)
  2 giant cockroaches (D)
  2 ball python skeletons (D)
10 creatures vanquished.

Notes
Turn   | Place    | Note
-------+----------+-------------------------------------------
     0 | D        | McKennaii the Demonspawn Fighter began the quest for the
                  | Orb.
     0 | D        | Reached XP level 1. HP: 18/18 MP: 1/1
     1 | D        | Found a shadowy altar of Dithmenos.
     2 | D        | Found a blossoming altar of Fedhas.
     2 | D        | Found an ornate altar of the Wu Jian Council.
     5 | D        | Round 1.
     6 | D        | Found a burning altar of Makhleb.
     9 | D        | Found a stormy altar of Qazlal.
     9 | D        | Found a basalt altar of Yredelemnul.
     9 | D        | Found Ynwehoze's Identification Station.
    10 | D        | Found Meiqaf's Jewellery.
    10 | D        | Found Voenej's Advanced Armour.
    19 | D        | Bought a crude marble ring for 45 gold pieces
    19 | D        | Identified the ring "Ychoequu" {rCorr Int+2} (You bought it
                  | in a shop in the Dungeon)
    19 | D        | Bought a bound lapis lazuli ring for 45 gold pieces
    19 | D        | Identified the ring of Buetelud {rPois rC++ rN+} (You
                  | bought it in a shop in the Dungeon)
    19 | D        | Bought a clouded ruby amulet for 45 gold pieces
    19 | D        | Identified the amulet of Ariutamu {Faith Rampage} (You
                  | bought it in a shop in the Dungeon)
    29 | D        | Found a hide-covered altar of Uskayaw.
    33 | D        | Became a worshipper of Qazlal Stormbringer
    44 | D        | Found an iron altar of Okawaru.
    44 | D        | Found a corrupted altar of Lugonu.
    44 | D        | Found Xehited's Premium Goods.
    44 | D        | Found Nuzajy's Miscellaneous Merchandise.
    45 | D        | Found Laf Coqu's Basic Armour.
    51 | D        | Found Vaagaer's Weapon Rack.
    51 | D        | Found a bloodstained altar of Trog.
    51 | D        | Found a sacrificial altar of Ru.
    51 | D        | Found a snail-covered altar of Cheibriados.
    62 | D        | Found a shimmering altar of Xom.
    66 | D        | Found an ancient bone altar of Kikubaaqudgha.
    66 | D        | Found a shimmering blue altar of Sif Muna.
    66 | D        | Found Tecow's Do-It-Yourself Clinic.
    66 | D        | Found Himaegh's Bottled Wisdom.
    67 | D        | Found Diahaok's Distillery.
    67 | D        | Found an opulent altar of Gozag.
    67 | D        | Found Ryemah's Distillery.
   101 | D        | Found a radiant altar of Vehumet.
   102 | D        | Found Guguhes's Magic Scroll Shop.
   102 | D        | Found Cuibloec's Staff Store.
   105 | D        | Found Lesif's Magic Scroll Shop.
   105 | D        | Found Ruloqaju's Must-Have Magic.
   123 | D        | Reached * piety under Qazlal
   128 | D        | Gained mutation: You have an unusually large brain. (Int
                  | +2) [demonic ancestry]
   128 | D        | Reached XP level 2. HP: 23/25 MP: 2/2
   146 | D        | Arena points: 5 (+5) [x1]
   161 | D        | Round 2.
   170 | D        | Noticed a necrophage
   180 | D        | Killed a necrophage
   180 | D        | Reached ** piety under Qazlal
   180 | D        | Noticed a wight
   181 | D        | Reached XP level 3. HP: 19/32 MP: 3/3
   181 | D        | Gained mutation: Your demonic aura sometimes causes spilled
                  | blood to erupt in flames. [demonic ancestry]
   181 | D        | Reached XP level 4. HP: 22/38 MP: 4/4
   187 | D        | Noticed a phantom
   188 | D        | Reached skill level 5 in Fighting
   188 | D        | Reached skill level 5 in Armour
   199 | D        | Killed a phantom
   200 | D        | Reached skill level 5 in Polearms
   200 | D        | Reached XP level 5. HP: 11/47 MP: 4/8
   211 | D        | Reached *** piety under Qazlal
   219 | D        | Arena points: 29 (+24) [x2]
   275 | D        | Round 3.
   284 | D        | Noticed a centaur
   288 | D        | Killed a centaur
   289 | D        | Reached XP level 6. HP: 28/53 MP: 8/11
   304 | D        | Noticed a merfolk
   312 | D        | Noticed a merfolk siren
   315 | D        | Mangled by a merfolk

Illustrated notes

Levels and vault maps discovered:
D:        arena_sprint

Skill      XL: |  1  2  3  4  5 |
---------------+----------------+-----
Armour         | 3 4 5 6 |  6.5
Shields        | 3 4 |  4.5
Polearms       | 2 4 5 6 |  6.2
Fighting       | 4 6 |  6.9
Spellcasting   | 2 3 |  3.4
Stealth        | |  0.4

Action                     |  1- 3 |  4- 6 || total
---------------------------+-------+-------++-------
  Melee: Trident           |    46 |    23 ||    69
  Evoke: Wand              |       |     2 ||     2
 Armour: Scale mail        |     7 |     9 ||    16
  Dodge: Dodged            |     7 |     4 ||    11
  Block: Buckler           |     3 |     8 ||    11
